AoeStats
← WolfAtic

African Clearing

510384186Analyzed
4v4 RM · 16h ago on Sep 30, 2026· 40m 34s· 8 players
Game mode
Random Map
Map size
Large (8 player)
Population
200
Speed
Normal
Resources
Standard
Victory
Conquest
Starting age
Dark Age
Ending age
Imperial Age
RankedLock teamsTeams togetherTeam positionsShared explorationLock speedFull tech treeHidden civsTurbo modeCheats
Victory
Defeat
🇮🇳 Mongols · India
1175
+15
🇷🇺 Franks · Russia
1172
+15
🇬🇧 Saxons · United Kingdom
1135
+17
🇨🇳 Tupi · China
1126
+17
🇳🇴 Armenians · Norway
1184
-17
🇸🇪 Poles · Sweden
1160
-16
🇫🇷 Maya · France
1154
-16
🇬🇧 Cumans · United Kingdom
1124
-15
Mirshal
4:56 Loom
15:34 Feudal Age
16:25 Double-Bit Axe
17:49 Gold Mining
20:46 Castle Age
20:17 Wheelbarrow
20:00 Stone Mining
21:47 Bow Saw
21:57 Fletching
29:09 Bodkin Arrow
32:02 Horse Collar
33:38 Wheelbarrow
34:35 Padded Archer Armor
36:06 Hand Cart
38:55 Leather Archer Armor
R4W
3:46 Loom
15:44 Feudal Age
21:46 Castle Age
21:37 Fletching
bitwise
11:47 Loom
13:32 Feudal Age
15:00 Double-Bit Axe
17:07 Bloodlines
16:40 Horse Collar
18:05 Gold Mining
20:39 Castle Age
19:24 Stone Mining
29:12 Light Cavalry
31:23 Wheelbarrow
31:44 Heavy Plow
35:35 Stone Shaft Mining
WolfAtic
14:25 Feudal Age
14:49 Horse Collar
14:58 Double-Bit Axe
22:32 Castle Age
21:29 Stone Mining
23:27 Bow Saw
24:09 Heavy Plow
28:03 Gold Mining
31:53 Imperial Age
30:13 Gold Shaft Mining
30:57 Squires
30:42 Arson
30:25 Man-at-Arms
30:50 Gambesons
31:23 Man-at-Arms
31:48 Gambesons
32:08 Fletching
32:20 Scale Mail Armor
32:20 Padded Archer Armor
32:33 Forging
32:35 Long Swordsman
33:53 Conscription
35:18 Wheelbarrow
34:28 Town Watch
35:06 Two-Handed Swordsman
36:30 Champion
39:06 Elite Composite Bowman
xSheepLord
5:50 Loom
13:35 Feudal Age
17:46 Castle Age
16:21 Double-Bit Axe
19:22 Bow Saw
19:25 Town Watch
26:16 Fletching
31:56 Bodkin Arrow
33:56 Horse Collar
34:59 Padded Archer Armor
35:17 Forging
38:13 Leather Archer Armor
42:44 Imperial Age
41:04 Wheelbarrow
MegaWickedMan
5:19 Loom
14:02 Feudal Age
15:22 Double-Bit Axe
19:09 Castle Age
17:06 Gold Mining
20:45 Bow Saw
20:51 Stone Mining
20:55 Town Watch
20:58 Horse Collar
23:52 Wheelbarrow
24:17 Heavy Plow
26:45 Coinage
28:03 Hand Cart
29:15 Scale Mail Armor
29:30 Squires
33:18 Imperial Age
31:34 Chain Mail Armor
31:46 Forging
32:56 Gold Shaft Mining
33:03 Arson
34:01 Iron Casting
33:27 Elite Hearth Troop
33:36 Elite Varangian Guard
34:54 Plate Mail Armor
35:14 Conscription
34:46 Shield Wall
38:57 Siege Engineers
Mryo's fans
13:34 Feudal Age
19:10 Castle Age
17:49 Double-Bit Axe
21:08 Horse Collar
21:47 Stone Mining
24:35 Loom
25:39 Gold Mining
29:41 Fletching
31:15 Wheelbarrow
31:34 Padded Archer Armor
31:59 Heavy Plow
36:50 Imperial Age
34:24 Bodkin Arrow
35:04 Bow Saw
35:59 Hand Cart
36:07 Leather Archer Armor
36:14 Ballistics
38:43 Chemistry
37:44 Town Watch
41:09 Gold Shaft Mining
impossible
11:53 Loom
13:49 Feudal Age
12:51 Loom
17:44 Castle Age
16:23 Double-Bit Axe
23:13 Husbandry
29:23 Forging
30:43 Bow Saw
32:06 Iron Casting
32:54 Scale Barding Armor
35:15 Chain Barding Armor
38:46 Wheelbarrow
37:57 Town Watch
Connection lost

Rejoining the realm…

Still unreachable

The connection could not be restored.

Session expired

The server has moved on; the page needs a fresh start.